 Dungeon Crawl Stone Soup version 0.20-a0-1122-gb7cbeb9 (webtiles) character file.

211 M4edhros the Insei (level 5, -15/46 HPs)
             Began as an Octopode Necromancer on May 11, 2017.
             Demolished by an ogre
             ... wielding a cursed -2 giant club
              (20 damage)
             ... on level 5 of the Dungeon.
             The game lasted 00:04:20 (820 turns).

M4edhros the Insei (Octopode Necromancer)            Turns: 820, Time: 00:04:20

Health: -15/46     AC:  1    Str: 12    XL:     5   Next: 88%
Magic:  8/8        EV: 13    Int: 18    God:
Gold:   128        SH:  0    Dex: 13    Spells: 3/8 levels left

rFire    . . .     SeeInvis .     - Unarmed
rCold    . . .     Gourm    .   (no shield)
rNeg     . . .     Faith    .   (helmet restricted)
rPois    .         Spirit   .   (no amulet)
rElec    .         Reflect  .   (no ring)
rCorr    .         Harm     .   (no ring)
MR       .....                  (no ring)
Stlth    ..........             (no ring)
Regen    0.2/turn               (no ring)
MPRegen  0.2/turn               (no ring)
                                (no ring)
                                (no ring)

@: berserking, lethally poisoned (-15 -> -20), very quick
A: almost no armour, stealthy swim, amphibious, 8 rings, constrict 8, camouflage
1, gelatinous body 1
a: no special abilities


You were on level 5 of the Dungeon.
You were not hungry.

You visited 1 branch of the dungeon, and saw 5 of its levels.

You collected 128 gold pieces.

Inventory:

Hand Weapons
 i - a +4 whip
 m - a +0 vampiric scythe
Missiles
 c - 73 stones (quivered)
 d - 2 throwing nets
Scrolls
 e - a scroll of teleportation
 g - a scroll of remove curse {unknown}
 h - a scroll of identify
 n - a scroll of magic mapping {unknown}
Potions
 k - a potion of degeneration {unknown}
 l - a potion of curing {unknown}
Books
 a - a book of Necromancy

   Spells                             Type                      Level
   a - Pain                           Necromancy                   1
   b - Animate Skeleton               Necromancy                   1
   c - Vampiric Draining              Necromancy                   3
   d - Regeneration                   Charms/Necromancy            3
   e - Animate Dead                   Necromancy                   4
   f - Control Undead                 Necromancy                   4
Comestibles
 b - a bread ration
 f - 11 chunks of flesh


   Skills:
 - Level 2.0 Dodging
 - Level 2.6 Stealth
 + Level 5.4 Unarmed Combat
 - Level 2.0 Spellcasting
 - Level 4.0 Necromancy


You had 3 spell levels left.
You knew the following spells:

 Your Spells              Type           Power        Failure   Level  Hunger
a - Pain                  Necr           ###.         3%          1    #......
b - Animate Skeleton      Necr           N/A          3%          1    #......
c - Regeneration          Chrm/Necr      #.........   24%         3    ###....


Dungeon Overview and Level Annotations

Branches:
Dungeon (5/15)
 Temple: D:4-7

Altars:
Trog


Innate Abilities, Weirdness & Mutations

You cannot wear most types of armour.
You are very stealthy in the water. (Stealth+)
You are amphibious.
You can wear up to eight rings at the same time.
You can use your tentacles to constrict eight enemies at once.
Your skin changes colour to match your surroundings (Stealth+).
Your rubbery body absorbs attacks. (AC +1, EV +1)


Message History

You constrict the hound. The hound barely misses you.
An ogre comes into view. It is wielding a giant club.
Unknown command.
You barely miss the hound. You squeeze the hound!
The hound is severely wounded.
You constrict the hound. The hound closely misses you.
Unknown command.
You bludgeon the hound!
You kill the hound!
* * * LOW HITPOINT WARNING * * *
You feel sick.
Unknown command.
You completely miss the ogre. You squeeze the ogre!
The ogre is heavily wounded.
Unknown command.
You bludgeon the ogre!
The ogre is severely wounded.
* * * LOW HITPOINT WARNING * * *
You feel sick. The ogre hits you with a giant club!!
You die...

##
.#######################
........................
.###############..#####
.# #@.# ## #O†# ...#
###.# .. .#. .#. .# #


You could see an ogre.

Vanquished Creatures
  2 hounds
  An orc priest (D:4)
  An orc wizard (D:4)
  A worker ant (D:5)
  2 leopard geckos
  9 orcs
  A ball python (D:3)
  2 goblins
  A hobgoblin (D:1)
  2 frilled lizards
  3 kobolds (D:3)
  2 rats
27 creatures vanquished.

Vanquished Creatures (collateral kills)
  A worker ant (D:4)
  A hound skeleton (D:4)
  4 orcs (D:4)
6 creatures vanquished.

Grand Total: 33 creatures vanquished

Notes
Turn   | Place    | Note
-------+----------+-------------------------------------------
     0 | D:1      | M4edhros the Octopode Necromancer began the quest for the Orb.
     0 | D:1      | Reached XP level 1. HP: 11/11 MP: 3/3
    55 | D:1      | Reached skill level 1 in Unarmed Combat
    61 | D:1      | Learned a level 1 spell: Animate Skeleton
   150 | D:2      | Reached XP level 2. HP: 17/17 MP: 5/5
   272 | D:2      | Reached skill level 2 in Unarmed Combat
   427 | D:4      | Reached skill level 3 in Unarmed Combat
   427 | D:4      | Reached XP level 3. HP: 2/21 MP: 0/6
   432 | D:4      | Learned a level 3 spell: Regeneration
   533 | D:4      | Reached XP level 4. HP: 18/27 MP: 4/7
   604 | D:4      | Reached skill level 4 in Unarmed Combat
   621 | D:4      | Reached XP level 5. HP: 13/31 MP: 5/8
   637 | D:4      | Found a bloodstained altar of Trog.
   776 | D:5      | Entered Level 5 of the Dungeon
   816 | D:5      | Reached skill level 5 in Unarmed Combat
   817 | D:5      | Noticed an ogre
   820 | D:5      | Demolished by an ogre

Vault maps used:
D:1:      dpeg_arrival_signposts, minmay_surrounded
D:2:      lemuel_coloured_pillars_altar, nemelex_xobeh_ov_fountains_minmay,
          first_bread
D:3:      cheibrodos_ashenzari_chains, kennysheep_generic_room_10
D:4:      old_standard_altar, minmay_misc_feat_ornament
D:5:      kennysheep_mini, overflow_temple_1_default,
          nicolae_overflow_hidden_temple, makhleb_altar_promises_db

Skill      XL: |  1  2  3  4  5 |
---------------+----------------+-----
Unarmed Combat | 1 3 4 5 |  5.4
Dodging        | |  2.0
Stealth        | |  2.6
Spellcasting   | |  2.0
Necromancy     | |  4.0

Action                   |  1- 3 |  4- 6 || total
-------------------------+-------+-------++-------
Melee: Unarmed           |    18 |    43 ||    61
       Constrict         |     4 |    11 ||    15
       Tentacles         |     2 |     9 ||    11
 Cast: Pain              |    21 |    11 ||    32
       Animate Skeleton  |     6 |     5 ||    11
       Regeneration      |     1 |     2 ||     3
  Use: Scroll            |       |     3 ||     3
       Potion            |       |     1 ||     1
 Stab: Sleeping          |     1 |       ||     1
  Eat: Chunk             |       |     1 ||     1
Armor: Skin              |     1 |     2 ||     3
Dodge: Dodged            |     8 |    24 ||    32
